Match 46879870
Unlisted

Match 46879870
End
Construct Barracks
1⁄4-ton 4x4 Truck
Selects Armored Battlegroup
Selects Veteran Crews
Riflemen Squad
Riflemen Squad
Riflemen Squad
Infantry Support Center
Grenade Package
Construct Motor Pool
Riflemen Squad
M1918 Browning Automatic Rifles
Selects M31 Recovery Vehicle
Construct Medical Station
Selects War Machine
M24 Chaffee Light Tank
Construct Weapon Support Center
Bazooka Squad
Bazooka Squad
M24 Chaffee Light Tank
Riflemen Squad
1⁄4-ton 4x4 Truck
Riflemen Squad
Selects Strength in Steel
Selects Seek and Destroy
Advanced Logistics
M31 Recovery Vehicle
Riflemen Squad
Riflemen Squad
M24 Chaffee Light Tank
M24 Chaffee Light Tank
Improved M9 Bazooka Rockets
1⁄4-ton 4x4 Truck
Selects M4A3E8 Sherman Combat Group
M4A3E8 Sherman Combat Group
Bazooka Squad
Survival Training
M31 Recovery Vehicle
CommieKillerz
Scherzando
Nostalgia
Give ma Life 4 Pakistannn
水银灯
(KCC)MGfirst
....
I'm really Newbie
0
0

Comments sign in to comment!

No comments posted yet!